 Dungeon Crawl Stone Soup version 0.29.1-2-gbd0b4ee654 (webtiles) character file.

Game seed: 14375016047990579582

13774 xian the Destroyer (level 11, -4/77 HPs)
             Began as a Demonspawn Conjurer on Oct 27, 2022.
             Slain by an ice devil (13 damage)
             ... on level 11 of the Dungeon.
             The game lasted 00:44:09 (13296 turns).

xian the Destroyer (Demonspawn Conjurer)           Turns: 13296, Time: 00:44:10

Health: -4/77      AC: 15    Str: 16    XL:     11   Next: 80%
Magic:  0/25       EV: 17    Int: 27    God:
Gold:   972        SH:  0    Dex: 12    Spells: 19/31 levels left

rFire   . . .      SeeInvis .   g - staff of conjuration
rCold   . . .      Faith    +   (no shield)
rNeg    + . .      Spirit   +   Q - +1 leather armour "Gixiab" {rPois rN+ Str+8 Int-2}
rPois   +          Reflect  .   p - +2 helmet
rElec   .          Harm     .   w - +0 cloak
rCorr   .          Rampage  .   R - +0 pair of gloves
Will    .....                   a - +0 pair of boots
Stlth   ++........              t - amulet of faith
HPRegen 0.22/turn               c - +4 ring of protection
MPRegen 0.38/turn               H - +6 ring of intelligence

@: no status effects
A: hooves 1, repulsion field 2, demonic guardian 2, magic shield, magic
regeneration
a: no special abilities


You were on level 11 of the Dungeon.
You visited 1 branch of the dungeon, and saw 11 of its levels.
You also visited: Bailey.

You collected 1020 gold pieces.
You spent 48 gold pieces at shops.

Inventory:

Hand Weapons
 x - a +2 quarterstaff of chaos
Missiles
 B - a throwing net
Armour
 a - a +0 pair of boots (worn)
 b - a +0 troll leather armour
 e - the +4 leather armour of the Game of Kings {+Inv rElec MP-9 SInv}
   (You found it on level 3 of the Dungeon)

   rElec:     It insulates you from electricity.
   MP:        It affects your magic capacity (-9).
   SInv:      It lets you see invisible.
   +Inv:      It lets you turn invisible.
 p - a +2 helmet (worn)
 w - a +0 cloak (worn)
 N - a +1 leather armour of fire resistance
 P - +0 steam dragon scales
 Q - the +1 leather armour "Gixiab" (worn) {rPois rN+ Str+8 Int-2}
   (You took it off a wight on level 8 of the Dungeon)

   Str:       It affects your strength (+8).
   Int:       It affects your intelligence (-2).
   rPois:     It protects you from poison.
   rN:        It protects you from negative energy.
 R - a +0 pair of gloves (worn)
Magical Staves
 g - a staff of conjuration (weapon)
 F - a staff of air
Jewellery
 c - a +4 ring of protection (left hand)
 l - an amulet of guardian spirit
 t - an amulet of faith (around neck)
 y - a ring of flight
 H - a +6 ring of intelligence (right hand)
 J - a ring of fire
 K - a ring of willpower
Wands
 E - a wand of light (4)
 I - a wand of flame (19)
 L - a wand of polymorph (9)
 O - a wand of charming (11)
Scrolls
 f - a scroll of enchant armour
 n - 3 scrolls of fear
 o - 2 scrolls of enchant weapon
 q - 2 scrolls of blinking
 r - a scroll of poison
 u - 6 scrolls of teleportation
 G - 3 scrolls of vulnerability
 S - 2 scrolls of immolation
 T - a scroll of amnesia
Potions
 d - 6 potions of curing
 h - 2 potions of ambrosia {unknown}
 i - 3 potions of might {unknown}
 j - a potion of flight {unknown}
 k - 4 potions of lignification
 m - 3 potions of haste {unknown}
 s - 3 potions of degeneration {unknown}
 v - 3 potions of cancellation {unknown}
 z - 6 potions of mutation {unknown}
 A - a potion of invisibility
 C - a potion of brilliance
 M - 3 potions of resistance
Miscellaneous
 U - a condenser vane (inert)


   Skills:
 + Level 4.1 Fighting
 + Level 2.4 Staves
 + Level 4.5 Armour
 + Level 7.2 Dodging
 + Level 4.2 Stealth
 + Level 1.0 Unarmed Combat
 + Level 10.5 Spellcasting
 + Level 11.1 Conjurations
 + Level 0.7 Hexes
 + Level 2.0 Summonings
 + Level 1.1 Evocations


You had 19 spell levels left.
You knew the following spells:

 Your Spells              Type           Power      Damage    Failure   Level
a - Magic Dart            Conj           100%       1d8       1%          1
b - Searing Ray           Conj           100%       2d8       1%          2
c - Static Discharge      Conj/Air       61%        3-11/arc  1%          2
d - Summon Small Mammal   Summ           100%       N/A       1%          1
e - Call Canine Familiar  Summ           25%        N/A       6%          3
f - Summon Guardian Gole  Hex/Summ       21%        N/A       9%          3

Your spell library contained the following spells:

 Spells                   Type           Power      Damage    Failure   Level
 Dazzling Flash           Conj/Hex       100%       N/A       1%          3
 Beastly Appendage        Tmut           28%        N/A       4%          1
 Necrotise                Necr           56%        1d6       4%          1
 Fulminant Prism          Conj/Hex       31%        3d16      4%          4
 Iskenderun's Mystic Bla  Conj/Tloc      61%        2d13      4%          4
 Sticky Flame             Conj/Fire      61%        2d8       4%          4
 Wereblood                Tmut           14%        N/A       8%          2
 Spider Form              Tmut/Pois      14%        N/A       14%         3
 Vampiric Draining        Necr           14%        2d7       14%         3
 Animate Armour           Summ/Erth      38%        N/A       30%         4
 Dispel Undead            Necr           14%        3d10      43%         4
 Iron Shot                Conj/Erth      30%        9d6       58%         6
 Starburst                Conj/Fire      30%        6d9       58%         6
 Agony                    Necr           14%        N/A       80%         5
 Blade Hands              Tmut           7%         N/A       80%         5
 Borgnjor's Revivificati  Necr           7%         N/A       100%        8
 Necromutation            Tmut/Necr      7%         N/A       100%        8
 Death's Door             Necr           7%         N/A       100%        9


Dungeon Overview and Level Annotations

Branches:
Dungeon (11/15)            Temple (0/1) D:4            Lair (0/5) D:11
 Bailey (visited)
    Orc: D:9-12

Altars:
Hepliaklqana
Kikubaaqudgha
Makhleb
Ru
Trog
Wu Jian

Shops:
D:8 ?

Annotations:
D:4 3 runed translucent doors, ThatDude373's ghost, novice MiBe
D:8 4 transporters


Innate Abilities, Weirdness & Mutations

You have large cloven feet.
You are surrounded by a moderate repulsion field. (EV +3)
A demonic guardian rushes to your aid.
When hurt, damage is shared between your health and your magic reserves.
You regenerate magic rapidly.


Message History

Your hound bites the ice devil but does no damage. x2
Unknown command.
The searing ray misses the ice devil.
Your hound bites the ice devil.
The searing ray misses the ice devil.
The ice devil hits you! The ice devil freezes you!
Your hound completely misses the ice devil.
The searing ray hits the ice devil.
The ice devil is lightly wounded.
You finish channelling your searing ray.
Your hound bites the ice devil but does no damage.
The ice devil barely misses your hound.
Casting: Searing Ray (safe; 1% risk of failure)
Confirm with . or Enter, or press ? or * to list all spells.
Aiming: Searing Ray (safe; 1% risk of failure)
Press: ? - help, Shift-Dir - straight line, f/p - ice devil
Aim: an ice devil (lightly wounded, not watching you, ally target, 83% to hit)
You feel a surge of power!
The searing ray misses the ice devil. (Press . to maintain the ray.)
Your hound bites the ice devil but does no damage.
The ice devil barely misses you.
Your hound barely misses the ice devil.
The searing ray hits the ice devil.
The ice devil is moderately wounded.
Your hound bites the ice devil but does no damage.
The ice devil hits you! The ice devil freezes you!!
A demonic guardian appears!
The searing ray hits the ice devil.
The ice devil is moderately wounded.
Your hound bites the ice devil but does no damage.
The ice devil hits you! The ice devil freezes you!
* * * LOW HITPOINT WARNING * * *
Your hound misses the ice devil.
The searing ray misses the ice devil.
You finish channelling your searing ray.
Your hound barely misses the ice devil.
The ice devil hits you but does no damage.
Your orange demon misses the ice devil.
Your hound bites the ice devil but does no damage.
The ice devil hits you!
* * * LOW HITPOINT WARNING * * *
A demonic guardian appears!
The ice devil freezes you!
You die...

#.........# #.........#
######.#### ####....###
.. # #.....#...# ...##.
#.#####.#.###
.....###+##
#.....#...'.#
#.')...###.###.###.#.##
#.h4@#.'.#...#...#...
#...44.#.#.###.######
####....###.#.......#
#.......# ########'##
##[###### ##.# ## ##..#
##..# ##P #..##
##..####.P ####'######
#..## #... #.........#
##+#####...


You could see an ice devil (ally target), 2 friendly orange demons and a
friendly hound (summoned).

Vanquished Creatures
  4 two-headed ogres
  Lodul (D:10)
  An orc knight (Bailey)
  A manticore (D:11)
  Maggie (D:8)
  A kobold demonologist (D:9)
  2 trolls
  A hornet (D:10)
  Prince Ribbit (D:7)
  A vampire (D:11)
  A wraith (D:11)
  2 wyverns (D:11)
  2 yaks (D:9)
  Eustachio (D:5)
  2 vampire mosquitoes (D:11)
  A naga (shapeshifter) (D:11)
  2 acid dragons
  3 water moccasins
  6 orc warriors
  2 ice beasts
  3 black bears (D:11)
  2 sky beasts
  9 ogres
  3 wolves (D:11)
  2 centaurs
  A phantom (D:7)
  2 kobold brigands (D:9)
  3 bullfrogs
  3 scorpions
  13 wights
  6 killer bees (D:11)
  5 howler monkeys
  A gnoll bouda (D:5)
  3 jellies
  An orc priest (D:7)
  Crazy Yiuf (D:2)
  An iguana (D:6)
  4 orc wizards
  5 gnolls
  6 adders
  A shadow imp (D:7)
  A white imp (D:6)
  An ufetubus (D:4)
  3 worms
  A dart slug (D:3)
  39 orcs
  11 bats
  5 endoplasms
  3 giant cockroaches
  6 hobgoblins
  3 jackals (D:4)
  14 kobolds
  8 quokkas
  5 ball pythons
  5 frilled lizards
  12 goblins
  A rat (D:3)
229 creatures vanquished.

Vanquished Creatures (collateral kills)
  A deep elf zephyrmancer (Bailey)
  8 yaks
  A vampire mosquito (D:11)
  A water moccasin (D:6)
  3 orc warriors
  2 howler monkeys (D:7)
  An orc priest (D:9)
  A shadow imp (D:8)
  4 orcs
  A kobold (D:9)
23 creatures vanquished.

Vanquished Creatures (others)
  2 fungi (D:11)
  7 plants (D:11)
9 creatures vanquished.

Grand Total: 261 creatures vanquished

Notes
Turn   | Place    | Note
-------+----------+-------------------------------------------
     0 | D:1      | xian the Demonspawn Conjurer began the quest for the Orb.
     0 | D:1      | Reached XP level 1. HP: 13/13 MP: 3/3
   202 | D:1      | Found a faded altar of an unknown god.
   374 | D:1      | Gained mutation: You have large cloven feet. [demonic
                  | ancestry]
   374 | D:1      | Reached XP level 2. HP: 19/19 MP: 3/5
   377 | D:1      | Learned a level 2 spell: Searing Ray
  1025 | D:2      | Found a runed translucent door.
  1026 | D:2      | Noticed Crazy Yiuf
  1134 | D:2      | Gained mutation: You regenerate magic rapidly. [demonic
                  | ancestry]
  1134 | D:2      | Reached XP level 3. HP: 17/24 MP: 0/6
  1453 | D:2      | Reached skill level 5 in Conjurations
  1464 | D:2      | Found a bloodstained altar of Trog.
  1937 | D:2      | Gained mutation: A weak demonic guardian rushes to your
                  | aid. [demonic ancestry]
  1937 | D:2      | Reached XP level 4. HP: 30/30 MP: 4/7
  2113 | D:2      | Killed Crazy Yiuf
  2546 | D:3      | Identified the +4 leather armour of the Game of Kings {+Inv
                  | rElec MP-9 SInv}
  3031 | D:3      | Reached XP level 5. HP: 35/35 MP: 4/9
  3318 | D:4      | Found a runed translucent gate.
  3319 | D:4      | Found a runed translucent gate.
  3324 | D:4      | Found a runed translucent gate.
  3325 | D:4      | Noticed ThatDude373's ghost (novice MiBe)
  3412 | D:4      | Found a staircase to the Ecumenical Temple.
  3816 | D:5      | Entered Level 5 of the Dungeon
  3853 | D:5      | Noticed Eustachio
  3862 | D:5      | Killed Eustachio
  3863 | D:5      | Reached skill level 6 in Conjurations
  3863 | D:5      | Reached XP level 6. HP: 26/41 MP: 2/11
  4158 | D:5      | Gained mutation: You are surrounded by a mild repulsion
                  | field. (EV +2) [demonic ancestry]
  4158 | D:5      | Reached XP level 7. HP: 47/47 MP: 6/13
  4405 | D:5      | Reached skill level 5 in Spellcasting
  4413 | D:5      | Reached skill level 1 in Fighting
  5106 | D:6      | Reached skill level 7 in Conjurations
  5336 | D:6      | Gained mutation: A demonic guardian rushes to your aid.
                  | [demonic ancestry]
  5336 | D:6      | Reached XP level 8. HP: 54/54 MP: 11/16
  6550 | D:7      | Noticed Prince Ribbit
  6561 | D:7      | Killed Prince Ribbit
  6646 | D:7      | Reached skill level 8 in Conjurations
  6696 | D:7      | Gained mutation: When hurt, damage is shared between your
                  | health and your magic reserves. [demonic ancestry]
  6696 | D:7      | Reached XP level 9. HP: 51/61 MP: 2/19
  6925 | D:7      | Found a hazy altar of Hepliaklqana.
  7128 | D:8      | Found a transporter.
  7135 | D:8      | Found a transporter.
  7137 | D:8      | Found a transporter.
  7159 | D:8      | Reached skill level 5 in Dodging
  7522 | D:8      | Reached skill level 9 in Conjurations
  7640 | D:8      | Noticed Maggie
  7641 | D:8      | Found Puugg's Magic Scroll Emporium.
  7658 | D:8      | Killed Maggie
  7659 | D:8      | Reached skill level 1 in Staves
  7707 | D:8      | Bought a scroll of identify for 24 gold pieces
  7707 | D:8      | Bought a scroll of identify for 24 gold pieces
  7898 | D:8      | Reached skill level 1 in Armour
  7934 | D:8      | Found a transporter.
  8025 | D:8      | Identified the +1 leather armour "Gixiab" {rPois rN+ Str+8
                  | Int-2}
  8473 | D:9      | Found a burning altar of Makhleb.
  8510 | D:9      | Gained mutation: You are surrounded by a moderate repulsion
                  | field. (EV +3) [demonic ancestry]
  8510 | D:9      | Reached XP level 10. HP: 61/68 MP: 15/22
  8634 | D:9      | Reached skill level 1 in Unarmed Combat
  9706 | D:10     | Entered Level 10 of the Dungeon
  9842 | D:10     | Found an ancient bone altar of Kikubaaqudgha.
  9842 | D:10     | Found an ornate altar of the Wu Jian Council.
  9900 | D:10     | Found a flagged portal.
  9919 | Bailey   | Entered a bailey
 10098 | Bailey   | Noticed an orc knight
 10119 | Bailey   | Killed an orc knight
 10408 | Bailey   | Found a large runed translucent door.
 10408 | Bailey   | Found a large runed translucent door.
 10409 | Bailey   | Noticed a deep elf zephyrmancer
 10470 | Bailey   | Learned a level 2 spell: Static Discharge
 10472 | Bailey   | Learned a level 1 spell: Summon Small Mammal
 10476 | Bailey   | Learned a level 3 spell: Call Canine Familiar
 10480 | Bailey   | Learned a level 3 spell: Summon Guardian Golem
 10496 | Bailey   | Killed a deep elf zephyrmancer
 10837 | D:10     | Found a sacrificial altar of Ru.
 10839 | D:10     | Noticed a two-headed ogre
 10848 | D:10     | Killed a two-headed ogre
 10849 | D:10     | Reached skill level 10 in Conjurations
 10860 | D:10     | Reached skill level 1 in Evocations
 11159 | D:10     | Noticed Lodul
 11176 | D:10     | Reached XP level 11. HP: 31/75 MP: 6/24
 11176 | D:10     | Killed Lodul
 11177 | D:10     | Reached skill level 1 in Summonings
 11792 | D:11     | Found an ornate altar of the Wu Jian Council.
 12146 | D:11     | Reached skill level 10 in Spellcasting
 12212 | D:11     | Found a staircase to the Lair.
 12325 | D:11     | Noticed a two-headed ogre
 12343 | D:11     | Killed a two-headed ogre
 12800 | D:11     | Identified a scroll of acquirement
 12905 | D:11     | Acquired a staff of conjuration
 12979 | D:11     | Noticed a two-headed ogre
 12986 | D:11     | Killed a two-headed ogre
 13028 | D:11     | Reached skill level 11 in Conjurations
 13102 | D:11     | Noticed a two-headed ogre
 13112 | D:11     | Killed a two-headed ogre
 13296 | D:11     | Slain by an ice devil

Illustrated notes

Levels and vault maps discovered:
D:1:      psy_arrival_heroes, layout_rooms, shapermc_ecumenical_altar_pompeii,
          serial_forest, infiniplex_forest_clump_long,
          infiniplex_forest_diagonal, infiniplex_forest_clump_diagonal,
          infiniplex_forest_end_1
D:2:      kennysheep_six_static_rooms, layout_loops_corners, basic_altar,
          kennysheep_potato, uniq_crazy_yiuf_cottage
D:3:      layout_loops_corners, amcnicky_altar_gilded
D:4:      layout_rooms, minmay_temple_entry_water_ring,
          gammafunk_ghost_necromancy, hangedman_decor_riveting
D:5:      layout_loops_ring, uniq_ijyb, uniq_eustachio
D:6:      layout_gridville
D:7:      layout_basic, nicolae_hepliaklqana_hippocampus, uniq_prince_ribbit1
D:8:      layout_rooms, serial_shops, shop, nicolae_diode_quadrants, uniq_maggie
D:9:      layout_cave_pods, mainiacjoe_overflow_brackets, zin_statuary
D:10:     layout_long_grid, gammafunk_temple_overflow_statue,
          nicolae_ru_sacrificial_ziggurat, enter_bailey_8, uniq_lodul
D:11:     layout_roguey, minmay_lair_entry_grove, portal_ice_cave_demonic_guard,
          pdpol_wu_jian_five_deadly_venoms

Skill      XL: |  1  2  3  4  5  6  7  8  9 10 11 |
---------------+----------------------------------+-----
Stealth        | 2 3 4 |  4.2
Conjurations   | 5 6 7 8 9 10 11 | 11.1
Dodging        | 2 3 4 5 6 7 |  7.2
Spellcasting   | 3 4 5 7 8 9 10 | 10.5
Fighting       | 1 2 3 4 |  4.1
Staves         | 1 2 |  2.4
Armour         | 1 4 |  4.5
Unarmed Combat | 1 |  1.0
Evocations     | 1 |  1.1
Summonings     | 2 |  2.0
Hexes          | |  0.7

Action                   |  1- 3 |  4- 6 |  7- 9 | 10-12 || total
-------------------------+-------+-------+-------+-------++-------
Melee: Unarmed           |    10 |       |     3 |       ||    13
       Whip              |     8 |       |       |       ||     8
       Quarterstaff      |       |     2 |    15 |     5 ||    22
       Kick              |       |     1 |     1 |       ||     2
 Cast: Magic Dart        |    69 |    93 |   166 |   136 ||   464
       Searing Ray       |     2 |     7 |    35 |    91 ||   135
       Summon Small Mamm |       |       |       |     6 ||     6
       Call Canine Famil |       |       |       |     4 ||     4
       Summon Guardian G |       |       |       |     3 ||     3
Evoke: Wand              |       |       |       |     4 ||     4
       Condenser vane    |       |       |       |     1 ||     1
  Use: Potion            |       |       |     1 |     5 ||     6
       Scroll            |       |       |       |    18 ||    18
Armor: Robe              |    17 |    12 |    39 |       ||    68
       Leather armour    |       |       |    12 |    92 ||   104
       Skin              |       |       |     3 |       ||     3
Dodge: Dodged            |    35 |    19 |    96 |   294 ||   444
